 Dungeon Crawl Stone Soup version 0.31-a0-185-g9dded2c639 (webtiles) character file.

Game seed: 3133074036763231477

606 qw the Skirmisher (level 7, -1/40 HPs)
             Began as a Deep Elf Hunter on June 22, 2023.
             Slain by a hound (4 damage)
             ... on level 4 of the Dungeon.
             The game lasted 00:02:00 (3567 turns).

qw the Skirmisher (Deep Elf Hunter)                 Turns: 3567, Time: 00:02:01

Health: -1/40      AC: 10    Str: 10    XL:     7   Next: 19%
Magic:  9/9        EV: 11    Int: 14    God:
Gold:   139        SH:  0    Dex: 18    Spells: 6/6 levels left

rFire   . . .        Y - +0 shortbow
rCold   . . .        (shield currently unavailable)
rNeg    . . .        e - +3 ring mail
rPois   .            c - +2 hat
rElec   .            (no cloak)
rCorr   .            (no gloves)
SInv    .            (no boots)
Will    .....        g - amulet of faith
Stlth   +            (no ring)
HPRegen 0.26/turn    (no ring)
MPRegen 0.11/turn

%: faith
@: no status effects
A: no striking features
a: no special abilities


You were on level 4 of the Dungeon.
You visited 1 branch of the dungeon, and saw 4 of its levels.

You collected 139 gold pieces.


   Skills:
 - Level 2.0 Fighting
 + Level 11.1 Ranged Weapons
 - Level 3.0 Dodging
 - Level 1.2 Stealth


You had 6 spell levels left.
You didn't know any spells.
Your spell library was empty.

Inventory:

Hand Weapons
 Y - a +0 shortbow (weapon)
Armour
 c - a +2 hat (worn)
 e - a +3 ring mail (worn)
Jewellery
 g - an amulet of faith (around neck)
 k - an amulet of guardian spirit
Wands
 d - a wand of digging (6)
Scrolls
 a - 2 scrolls of identify
Potions
 b - a potion of enlightenment
 f - a potion of degeneration {unknown}
 h - 2 potions of lignification {unknown}
 i - a potion of curing {unknown}
 j - a potion of berserk rage {unknown}

Dungeon Overview and Level Annotations

Branches:
Dungeon (4/15)
 Temple: D:4-7

Altars:
Nemelex Xobeh
Yredelemnul

Annotations:
D:3 1 runed translucent door, Crazy Yiuf


Message History

The hound bites you. The hound bites you but does no damage.
You shoot an arrow.
The arrow hits the hound but does no damage.
The hound is heavily wounded.
The gnoll misses you. The hound bites you. The hound barely misses you.
You shoot an arrow. The arrow hits the hound.
The hound is severely wounded.
The hound misses you. The hound closely misses you.
The gnoll hits you from afar with a +0 spear!
You shoot an arrow.
The arrow hits the hound but does no damage.
The hound is severely wounded.
The hound bites you but does no damage. The hound bites you.
The gnoll closely misses you. The hound closely misses you.
The hound barely misses you.
You shoot an arrow.
The arrow hits the hound but does no damage.
The hound is severely wounded.
The hound barely misses you. The hound completely misses you.
The gnoll hits you from afar with a +0 spear.
You shoot an arrow. The arrow hits the hound.
The hound is almost dead.
The hound closely misses you. The hound bites you but does no damage.
The gnoll barely misses you.
The hound bites you but does no damage. x2
You shoot an arrow. The arrow barely misses the hound.
The hound bites you but does no damage. The hound completely misses you.
The gnoll misses you.
You shoot an arrow. The arrow closely misses the hound.
The hound bites you but does no damage. x2
The gnoll hits you from afar with a +0 spear!
The hound closely misses you. x2
You shoot an arrow.
The arrow hits the hound but does no damage.
The hound is almost dead.
The hound closely misses you. The hound bites you.
The gnoll hits you but does no damage.
You shoot an arrow. The arrow completely misses the hound.
The hound closely misses you. The hound barely misses you.
The gnoll barely misses you. The hound misses you. The hound bites you.
You die...

##.^.# ###..# #.#
..# #### .# #..# #
#..# #..#+#+#P.##
#..#...ghh.#
#..#...#P@.#
##..#.. #..(# ~~..
#.%.#####...# ....
#.......###.# ...
###...........#
..###.##.....######
..#.........##
..#.........#
.##....###.##


You could see 2 hounds and a gnoll.

Vanquished Creatures
  Sigmund (D:3)
  A black bear (D:4)
  2 scorpions (D:4)
  A centaur zombie (D:4)
  2 iguanas
  Terence (D:3)
  5 adders
  An adder zombie (D:4)
  A worm (D:3)
  3 dart slugs (D:1)
  An orc (D:4)
  5 ball pythons
  7 bats
  7 endoplasms
  5 giant cockroaches
  5 goblins
  7 hobgoblins
  2 jackals (D:2)
  5 quokkas
  A frilled lizard (D:1)
  5 kobolds
  6 rats
74 creatures vanquished.

Notes
Turn   | Place    | Note
-------+----------+-------------------------------------------
     0 | D:1      | qw the Deep Elf Hunter began the quest for the Orb.
     0 | D:1      | Reached XP level 1. HP: 12/12 MP: 3/3
     0 | D:1      | 0 ||| qw: Version: 0.3-a-9-g12657ce
     0 | D:1      | 0 ||| qw: Game counter: 1868
     0 | D:1      | 0 ||| qw: Always use a shield: true
     0 | D:1      | 0 ||| qw: God list: Okawaru
     0 | D:1      | 0 ||| qw: Allow faded altars: false
     0 | D:1      | 0 ||| qw: Do Orc after D:15 true
     0 | D:1      | 0 ||| qw: Do second Lair branch before Depths: true
     0 | D:1      | 0 ||| qw: Lair rune preference: random
     0 | D:1      | 0 ||| qw: Plans: Normal
     0 | D:1      | 0 ||| PLANNING D:1-11
    80 | D:1      | Reached XP level 2. HP: 16/16 MP: 4/4
   109 | D:1      | Reached skill level 6 in Ranged Weapons
   509 | D:1      | Reached XP level 3. HP: 20/20 MP: 5/5
   650 | D:1      | Found a faded altar of an unknown god.
   747 | D:1      | 747 ||| UPGRADING to +3 ring mail.
   757 | D:1      | 757 ||| DROPPING +0 leather armour.
   758 | D:1      | 758 ||| READING scroll labelled BEHUFE MYLLU.
   759 | D:1      | 759 ||| READING scroll labelled ISHRAE ALIANKAO.
   760 | D:1      | 760 ||| READING scroll labelled YRIRAG VURPH.
   761 | D:1      | 761 ||| DROPPING scroll of butterflies.
  1004 | D:2      | Reached skill level 7 in Ranged Weapons
  1479 | D:2      | 1479 ||| UPGRADING to +2 hat.
  1484 | D:2      | 1484 ||| READING 2 scrolls labelled OGYEQI MAIPS.
  1485 | D:2      | 1485 ||| READING scroll labelled AVERAAJE ZOAHU.
  1486 | D:2      | 1486 ||| READING scroll labelled XISCHEU EQAXACWE.
  1687 | D:3      | Reached XP level 4. HP: 25/25 MP: 6/6
  1937 | D:3      | Noticed Terence
  1952 | D:3      | Killed Terence
  1953 | D:3      | Reached skill level 8 in Ranged Weapons
  1993 | D:3      | Noticed Sigmund
  1996 | D:3      | 1996 ||| FLEEEEING.
  1997 | D:3      | 1997 ||| FLEEEEING.
  1998 | D:3      | 1998 ||| FLEEEEING.
  1999 | D:3      | 1999 ||| FLEEEEING.
  2000 | D:3      | 2000 ||| FLEEEEING.
  2001 | D:3      | 2001 ||| FLEEEEING.
  2002 | D:3      | 2002 ||| FLEEEEING.
  2003 | D:3      | 2003 ||| FLEEEEING.
  2004 | D:3      | 2004 ||| STAIRDANCE
  2035 | D:2      | 2035 ||| DROPPING scarf of invisibility.
  2036 | D:2      | 2036 ||| UPGRADING to amulet of faith.
  2041 | D:2      | 2041 ||| READING scroll labelled LOUNWE BUFFY.
  2042 | D:2      | 2042 ||| READING scroll labelled NILERCH AKOEKAA.
  2043 | D:2      | 2043 ||| DRINKING 2 bubbling orange potions.
  2044 | D:2      | 2044 ||| DRINKING 2 yellow potions.
  2045 | D:2      | 2045 ||| READING 2 scrolls of identify.
  2045 | D:2      | 2045 ||| IDENTIFYING red potion
  2046 | D:2      | 2046 ||| DROPPING potion of brilliance.
  2047 | D:2      | 2047 ||| DROPPING potion of magic.
  2054 | D:3      | 2054 ||| STAIRDANCE
  2092 | D:3      | Killed Sigmund
  2093 | D:3      | Reached skill level 9 in Ranged Weapons
  2093 | D:3      | Reached XP level 5. HP: 13/29 MP: 7/7
  2093 | D:3      | Reached XP level 6. HP: 16/34 MP: 8/8
  2254 | D:3      | Found a runed translucent door.
  2255 | D:3      | Noticed Crazy Yiuf
  2875 | D:4      | 2875 ||| STAIRDANCE
  3051 | D:4      | Reached skill level 10 in Ranged Weapons
  3159 | D:4      | Found a sparkling altar of Nemelex Xobeh.
  3199 | D:4      | Reached skill level 3 in Dodging
  3214 | D:4      | Found a basalt altar of Yredelemnul.
  3342 | D:4      | Reached XP level 7. HP: 28/40 MP: 9/9
  3402 | D:4      | HP: 9/40 [black bear (11)]
  3404 | D:4      | Reached skill level 11 in Ranged Weapons
  3552 | D:4      | 3552 ||| Stepping ~*~*~tactically~*~*~ (outnumbered).
  3565 | D:4      | HP: 8/40 [gnoll/+0 spear (7)]
  3566 | D:4      | HP: 3/40 [hound (5)]
  3567 | D:4      | Slain by a hound

Levels and vault maps discovered:
D:1:      minmay_arrival_doors, layout_basic, basic_ecumenical_altar
D:2:      layout_loops_ring, chequers_serial_rivers_micro_b, minmay_tetromino_l4
D:3:      layout_loops_cross, corner_web_ring, uniq_sigmund,
          uniq_crazy_yiuf_cottage, uniq_terence
D:4:      layout_rooms, tgw_sif, nemelex_diamond_rough_becter,
          nicolae_wu_jian_immortal_techniques, lemuel_zombie_altar_yredelemnul,
          minmay_temple_entry_purple_smoke, cheibrodos_gnoll_hut

Skill      XL: |  1  2  3  4  5  6  7 |
---------------+----------------------+-----
Ranged Weapons | 6 7 9 10 11 | 11.1
Fighting       | 2 |  2.0
Dodging        | 3 |  3.0
Stealth        | |  1.2

Action                     |  1- 3 |  4- 6 |  7- 9 || total
---------------------------+-------+-------+-------++-------
   Fire: Shortbow          |   133 |   123 |    33 ||   289
    Use: Scroll            |     6 |     3 |       ||     9
         Potion            |       |     2 |       ||     2
 Armour: Leather armour    |     2 |       |       ||     2
         Ring mail         |    14 |    35 |    31 ||    80
  Dodge: Dodged            |    27 |    45 |    39 ||   111

Table legend:
 A = Non-vault XP
 B = Vault XP
 C = Vault XP percentage of total XP
 D = Non-vault monster count
 E = Vault monster count
 F = Vault count percentage of total count
                 A         B        C        D         E       F
            +---------+---------+-------+---------+---------+-------
      Total |     536 |     330 |  38.1 |      67 |       7 |   9.5
            +---------+---------+-------+---------+---------+-------
        D:1 |      51 |       0 |   0.0 |      26 |       0 |   0.0
        D:2 |      29 |       6 |  17.1 |      10 |       3 |  23.1
        D:3 |      74 |     275 |  78.8 |      15 |       2 |  11.8
        D:4 |     382 |      49 |  11.4 |      16 |       2 |  11.1
            +---------+---------+-------+---------+---------+-------
